Hurricanes vs Flyers

Created - 28 septembre 2017 at 19:35

Simulating a Pre-Season

Goals
1 2 3 T
Hurricanes 1 0 1 2
Flyers 4 1 0 5
Shots
1 2 3 T
Hurricanes 10 9 15 34
Flyers 16 11 6 33

1st period

1. Flyers , Casey Cizikas 2 (Alexander Killorn 4, Damon Severson 2) at 2:10
2. Hurricanes , Brian Dumoulin 1 (Bryan Little 4, Zach Parise 6) at 4:28 (PP)
3. Flyers , Calle Jarnkrok 3 (Patrick Maroon 6, Damon Severson 3) at 4:40
4. Flyers , Andre Burakovsky 3 (Ryan White 4, Alexander Killorn 5) at 8:54
5. Flyers , Ryan Ellis 4 (Ryan White 5, Jean-Gabriel Pageau 3) at 16:41

Penalties :
Casey Cizikas (PHI) for Hooking (Minor) at 4:00, Dustin Byfuglien (CAR) for Holding (Minor) at 6:54, Brian Strait (CAR) for Hooking (Minor) at 16:52

2nd period

6. Flyers , Kyle Brodziak 2 (Andre Burakovsky 2, Damon Severson 4) at 13:28

Penalties :
Brooks Orpik (PHI) for Holding (Minor) at 8:19, Jonathan Ericsson (PHI) for Hooking (Minor) at 8:34, Lee Stempniak (CAR) for Tripping (Minor) at 8:34, Damon Severson (PHI) for Slashing (Minor) at 17:51

3rd period

7. Hurricanes , Nick Foligno 4 (Keith Yandle 5, Leo Komarov 6) at 1:51 (PP)

Penalties :
Jonathan Ericsson (PHI) for Tripping (Minor) at 0:49, Patrick Maroon (PHI) for Tripping (Minor) at 6:33, Devan Dubnyk (PHI) for Slashing (Double Minor) at 16:10 - Jonathan Ericsson served the penalty.

Goalie Stats

Frederik Andersen (CAR), 9 saves from 13 shots - (0.692), L, 3-4-2, 16:41 minutes
Matt Murray (CAR), 19 saves from 20 shots - (0.950), 43:19 minutes
Devan Dubnyk (PHI), 32 saves from 34 shots - (0.941), W, 4-4-0, 60:00 minutes

Players Stats for Hurricanes

Player Name              G  A  P  +/- PIM S  H  SB GA TA FO     MP     PP MP  PK MP  
------------------------------------------------------------------------------------
Alex Chiasson            0  0  0  -3  0   0  0  0  0  0  0/2    15:56   0:52   0:00 
Brad Richardson          0  0  0   0  0   2  3  0  0  0  4/10   11:11   0:25   1:22 
Brett Pesce              0  0  0  -3  0   4  0  0  0  0  0/0    21:16   5:03   2:28 
Brian Dumoulin           1  0  1  -1  0   2  1  2  0  0  0/0    21:09   4:04   1:30 
Brian Strait             0  0  0  -1  2   0  0  1  0  0  0/0     6:06   0:00   1:17 
Bryan Little             0  1  1  -2  0   3  0  0  0  0  15/31  22:15   5:13   1:27 
Carl Hagelin             0  0  0  -3  0   1  0  0  0  0  0/0    16:38   0:25   1:09 
Derek Ryan               0  0  0   0  0   1  0  0  0  0  6/12   10:21   3:54   0:00 
Dustin Byfuglien         0  0  0  -1  2   5  5  2  0  0  0/0    22:45   5:28   1:11 
Jon Merrill              0  0  0  -1  0   1  2  2  0  0  0/0    17:12   0:00   1:30 
Keith Yandle             0  1  1  -1  0   2  0  1  0  0  0/0    21:14   4:04   0:00 
Lee Stempniak            0  0  0   0  2   4  2  0  0  0  0/1    19:05   4:17   0:00 
Leo Komarov              0  1  1  -3  0   1  2  2  0  0  9/21   20:17   3:54   1:19 
Marcus Foligno           0  0  0   0  0   0  2  0  0  0  1/2     6:41   0:00   1:17 
Nick Foligno             1  0  1  -2  0   6  4  0  0  0  1/2    19:57   4:22   0:00 
Patrick Wiercioch        0  0  0  -2  0   0  1  0  0  0  0/0    10:16   0:25   0:00 
Tom Pyatt                0  0  0   0  0   0  0  0  0  0  0/0    10:46   0:00   1:22 
Zach Parise              0  1  1  -2  0   2  0  1  0  0  0/1    20:55   5:13   0:00 

Players Stats for Flyers

Player Name              G  A  P  +/- PIM S  H  SB GA TA FO     MP     PP MP  PK MP  
------------------------------------------------------------------------------------
Alexander Killorn        0  2  2   2  0   2  1  0  0  0  1/2    13:46   0:17   0:38 
Andre Burakovsky         1  1  2   1  0   1  0  0  0  0  0/0     3:27   0:17   0:02 
Andrew MacDonald         0  0  0   0  0   1  0  3  0  0  0/0    21:36   1:32   4:49 
Ben Hutton               0  0  0   3  0   1  0  0  0  0  0/0    17:27   0:00   3:46 
Brooks Orpik             0  0  0   1  2   1  5  1  0  0  0/0    22:59   2:26   5:01 
Calle Jarnkrok           1  0  1   1  0   5  0  1  0  0  11/18  19:55   1:40   2:56 
Casey Cizikas            1  0  1   2  2   4  3  0  0  0  8/14   15:24   0:00   2:34 
Damon Severson           0  3  3   4  2   0  0  0  0  0  0/0    14:24   0:00   0:12 
Jean-Gabriel Pageau      0  1  1   1  0   4  0  0  0  0  23/36  23:50   1:27   6:12 
Jonathan Ericsson        0  0  0   1  4   0  5  1  0  0  0/0    19:03   1:32   2:00 
Kyle Brodziak            1  0  1   1  0   1  0  0  0  0  1/1     1:48   0:34   0:00 
Marcus Johansson         0  0  0   1  0   3  0  0  0  0  0/2    21:46   2:01   6:17 
Nic Dowd                 0  0  0   1  0   0  0  0  0  0  0/0     0:59   0:34   0:00 
Patrick Maroon           0  1  1   1  2   1  0  0  0  0  0/2    19:07   1:40   2:09 
Riley Sheahan            0  0  0   2  0   3  0  0  0  0  2/7    14:45   0:00   0:00 
Ryan Ellis               1  0  1   1  0   2  1  2  0  0  0/0    24:27   2:26   6:43 
Ryan Garbutt             0  0  0   1  0   2  2  1  0  0  0/0    16:59   1:40   0:00 
Ryan White               0  2  2   1  0   2  4  0  0  0  0/0    14:57   1:44   0:00 

3 Stars

1 - Damon Severson (PHI)
2 - Ryan White (PHI)
3 - Andre Burakovsky (PHI)

Power Play

Hurricanes - 2 on 6 Attempt(s) - 33.33%
Flyers - 0 on 2 Attempt(s) - 0.00%

Penalty Kill

Hurricanes - 2 on 2 Attempt(s) - 100.00% - Score 0 goal in Penalty Kill
Flyers - 4 on 6 Attempt(s) - 66.67% - Score 0 goal in Penalty Kill

Team Stat

Hurricanes - Hits : 22 - Faceoff Wins : 36 - Blocked Shots : 11 - Penalty Minutes : 6
Flyers - Hits : 21 - Faceoff Wins : 46 - Blocked Shots : 9 - Penalty Minutes : 16

Official

Referees : Kyle Rehman and Dean Morton
Linesman : Scott Cherrey and Mark Shewchyk

Game Notes

Matt Murray enters game at 16:41 of 1st period

% Time on Ice - Hurricanes

Lines # - Real PCT - Wanted PCT - Time Play
Normal Forward
1 - 33% - 38% - 14:39
2 - 34% - 31% - 15:04
3 - 21% - 20% - 9:24
4 - 12% - 11% - 5:24
Normal Defense
1 - 36% - 36% - 16:07
2 - 33% - 32% - 14:39
3 - 20% - 22% - 8:55
4 - 11% - 10% - 4:50
PP Forward
1 - 55% - 54% - 5:13
2 - 45% - 46% - 4:19
PP Defense
1 - 57% - 58% - 5:28
2 - 43% - 42% - 4:04
PK Forward
1 - 66% - 56% - 2:36
2 - 34% - 44% - 1:22
PK Defense
1 - 38% - 57% - 1:30
2 - 62% - 43% - 2:28
PK3 Forward
1 - 0% - 55%
2 - 0% - 45%
PK3 Defense
1 - 0% - 56%
2 - 0% - 44%
44 Forward
1 - 53% - 53% - 1:03
2 - 47% - 47% - 0:56
44 Defense
1 - 53% - 55% - 1:03
2 - 47% - 45% - 0:56
Last Minute Offensive  - 0:00
Last Minute Defensive  - 0:00
Total
Forward - 60:00
Defense - 60:00

% Time on Ice - Flyers

Lines # - Real PCT - Wanted PCT - Time Play
Normal Forward
1 - 30% - 40% - 13:13
2 - 34% - 30% - 15:19
3 - 29% - 20% - 12:51
4 - 7% - 10% - 3:08
Normal Defense
1 - 33% - 40% - 14:54
2 - 34% - 30% - 15:15
3 - 31% - 20% - 13:41
4 - 2% - 10% - 0:41
PP Forward
1 - 51% - 60% - 2:01
2 - 49% - 40% - 1:57
PP Defense
1 - 61% - 60% - 2:26
2 - 39% - 40% - 1:32
PK Forward
1 - 69% - 60% - 6:36
2 - 31% - 40% - 2:56
PK Defense
1 - 56% - 60% - 5:20
2 - 44% - 40% - 4:12
PK3 Forward
1 - 79% - 60% - 1:22
2 - 21% - 40% - 0:22
PK3 Defense
1 - 63% - 60% - 1:06
2 - 37% - 40% - 0:38
44 Forward
1 - 100% - 60% - 0:15
2 - 0% - 40% - 0:00
44 Defense
1 - 100% - 60% - 0:15
2 - 0% - 40% - 0:00
Last Minute Offensive  - 0:00
Last Minute Defensive  - 0:00
Total
Forward - 60:00
Defense - 60:00

Play by Play

1st period


0:01 of 1st period - Bryan Little wins face-off versus Jean-Gabriel Pageau in neutral zone.
0:14 of 1st period - Shot by Bryan Little.
0:14 of 1st period - Shot Misses the Net.
0:16 of 1st period - Shot by Nick Foligno.
0:16 of 1st period - Stopped by Devan Dubnyk without a rebound.
0:17 of 1st period - Calle Jarnkrok wins face-off versus Leo Komarov in Flyers zone.
0:25 of 1st period - Alex Chiasson is hit by Jonathan Ericsson and loses puck.
0:28 of 1st period - Shot by Jon Merrill.
0:28 of 1st period - Stopped by Devan Dubnyk without a rebound.
0:29 of 1st period - Casey Cizikas wins face-off versus Brad Richardson in Flyers zone.
0:29 of 1st period - Casey Cizikas is hit by Brad Richardson.
0:43 of 1st period - Shot by Alexander Killorn.
0:43 of 1st period - Stopped by Frederik Andersen without a rebound.
0:44 of 1st period - Calle Jarnkrok wins face-off versus Leo Komarov in Hurricanes zone.
1:32 of 1st period - Shot by Jean-Gabriel Pageau.
1:32 of 1st period - Shot Misses the Net.
1:34 of 1st period - Shot by Jean-Gabriel Pageau.
1:34 of 1st period - Stopped by Frederik Andersen without a rebound.
1:35 of 1st period - Casey Cizikas wins face-off versus Bryan Little in Hurricanes zone.
2:00 of 1st period - Shot by Casey Cizikas.
2:00 of 1st period - Shot Misses the Net.
2:08 of 1st period - Shot by Alexander Killorn.
2:08 of 1st period - Shot Misses the Net.
2:10 of 1st period - Shot by Casey Cizikas.
2:10 of 1st period - Goal by Casey Cizikas - Hurricanes : 0 - Flyers : 1.
2:11 of 1st period - Jean-Gabriel Pageau wins face-off versus Derek Ryan in neutral zone.
2:14 of 1st period - Shot by Marcus Johansson.
2:14 of 1st period - Shot Misses the Net.
2:55 of 1st period - Marcus Foligno is hit by Ryan White and loses puck.
3:15 of 1st period - Calle Jarnkrok is hit by Marcus Foligno and loses puck.
3:30 of 1st period - Shot by Patrick Maroon.
3:30 of 1st period - Shot Blocked by Dustin Byfuglien.
3:32 of 1st period - Shot by Patrick Maroon.
3:32 of 1st period - Deflect By Calle Jarnkrok.
3:32 of 1st period - Shot Blocked by Keith Yandle.
3:34 of 1st period - Shot by Calle Jarnkrok.
3:34 of 1st period - Stopped by Frederik Andersen without a rebound.
3:35 of 1st period - Casey Cizikas wins face-off versus Leo Komarov in Hurricanes zone.
3:46 of 1st period - Leo Komarov is hit by Casey Cizikas and loses puck.
4:00 of 1st period - Minor Penalty to Casey Cizikas for Hooking.
4:01 of 1st period - Bryan Little wins face-off versus Jean-Gabriel Pageau in Flyers zone.
4:01 of 1st period - Keith Yandle is hit by Brooks Orpik and loses puck.
4:08 of 1st period - Shot by Nick Foligno.
4:08 of 1st period - Shot Misses the Net.
4:10 of 1st period - Shot by Brian Dumoulin.
4:10 of 1st period - Shot Blocked by Ryan Ellis.
4:24 of 1st period - Shot by Bryan Little.
4:24 of 1st period - Stopped by Devan Dubnyk with a rebound.
4:26 of 1st period - Shot by Brian Dumoulin.
4:26 of 1st period - Stopped by Devan Dubnyk with a rebound.
4:28 of 1st period - Shot by Brian Dumoulin.
4:28 of 1st period - Goal by Brian Dumoulin - Hurricanes : 1 - Flyers : 1.
4:29 of 1st period - Calle Jarnkrok wins face-off versus Leo Komarov in neutral zone.
4:40 of 1st period - Shot by Calle Jarnkrok.
4:40 of 1st period - Goal by Calle Jarnkrok - Hurricanes : 1 - Flyers : 2.
4:41 of 1st period - Riley Sheahan wins face-off versus Brad Richardson in neutral zone.
5:09 of 1st period - Alexander Killorn is hit by Dustin Byfuglien and loses puck.
5:41 of 1st period - Jean-Gabriel Pageau is hit by Dustin Byfuglien and loses puck.
6:13 of 1st period - Shot by Patrick Maroon.
6:13 of 1st period - Shot Hit the Post.
6:25 of 1st period - Shot by Calle Jarnkrok.
6:25 of 1st period - Shot Misses the Net.
6:51 of 1st period - Shot by Andre Burakovsky.
6:51 of 1st period - Shot Blocked by Dustin Byfuglien.
6:54 of 1st period - Minor Penalty to Dustin Byfuglien for Holding.
6:55 of 1st period - Jean-Gabriel Pageau wins face-off versus Leo Komarov in Hurricanes zone.
8:52 of 1st period - Shot by Andre Burakovsky.
8:52 of 1st period - Deflect By Ryan White.
8:52 of 1st period - Shot Blocked by Brian Strait.
8:54 of 1st period - Shot by Andre Burakovsky.
8:54 of 1st period - Goal by Andre Burakovsky - Hurricanes : 1 - Flyers : 3.
8:55 of 1st period - Leo Komarov wins face-off versus Casey Cizikas in neutral zone.
9:05 of 1st period - Shot by Casey Cizikas.
9:05 of 1st period - Stopped by Frederik Andersen without a rebound.
9:06 of 1st period - Leo Komarov wins face-off versus Riley Sheahan in Hurricanes zone.
9:08 of 1st period - Icing by Alex Chiasson.
9:09 of 1st period - Leo Komarov wins face-off versus Riley Sheahan in Hurricanes zone.
9:26 of 1st period - Shot by Jean-Gabriel Pageau.
9:26 of 1st period - Stopped by Frederik Andersen without a rebound.
9:27 of 1st period - Calle Jarnkrok wins face-off versus Bryan Little in Hurricanes zone.
9:48 of 1st period - Shot by Zach Parise.
9:48 of 1st period - Shot Misses the Net.
9:50 of 1st period - Shot by Nick Foligno.
9:50 of 1st period - Shot Misses the Net.
9:52 of 1st period - Shot by Brett Pesce.
9:52 of 1st period - Stopped by Devan Dubnyk without a rebound.
9:53 of 1st period - Jean-Gabriel Pageau wins face-off versus Leo Komarov in Flyers zone.
9:53 of 1st period - Jean-Gabriel Pageau is hit by Leo Komarov.
11:13 of 1st period - Shot by Lee Stempniak.
11:13 of 1st period - Shot Misses the Net.
11:15 of 1st period - Shot by Dustin Byfuglien.
11:15 of 1st period - Stopped by Devan Dubnyk with a rebound.
11:17 of 1st period - Shot by Keith Yandle.
11:17 of 1st period - Stopped by Devan Dubnyk without a rebound.
11:18 of 1st period - Calle Jarnkrok wins face-off versus Bryan Little in Flyers zone.
11:44 of 1st period - Icing by Brett Pesce.
11:45 of 1st period - Jean-Gabriel Pageau wins face-off versus Bryan Little in Hurricanes zone.
12:24 of 1st period - Brooks Orpik is hit by Brad Richardson and loses puck.
12:31 of 1st period - Shot by Lee Stempniak.
12:31 of 1st period - Shot Blocked by Brooks Orpik.
12:33 of 1st period - Shot by Brad Richardson.
12:33 of 1st period - Deflect By Lee Stempniak.
12:33 of 1st period - Stopped by Devan Dubnyk without a rebound.
12:34 of 1st period - Leo Komarov wins face-off versus Patrick Maroon in Flyers zone.
12:34 of 1st period - Carl Hagelin is hit by Jonathan Ericsson and loses puck.
12:42 of 1st period - Calle Jarnkrok is hit by Jon Merrill and loses puck.
13:00 of 1st period - Calle Jarnkrok is hit by Jon Merrill and loses puck.
13:22 of 1st period - Patrick Maroon is hit by Nick Foligno and loses puck.
13:34 of 1st period - Icing by Keith Yandle.
13:35 of 1st period - Bryan Little wins face-off versus Casey Cizikas in Hurricanes zone.
13:53 of 1st period - Shot by Alexander Killorn.
13:53 of 1st period - Deflect By Casey Cizikas.
13:53 of 1st period - Shot Misses the Net.
13:55 of 1st period - Shot by Riley Sheahan.
13:55 of 1st period - Shot Misses the Net.
13:57 of 1st period - Shot by Riley Sheahan.
13:57 of 1st period - Stopped by Frederik Andersen with a rebound.
14:03 of 1st period - Shot by Damon Severson.
14:03 of 1st period - Shot Blocked by Zach Parise.
14:08 of 1st period - Casey Cizikas is hit by Dustin Byfuglien and loses puck.
15:05 of 1st period - Shot by Ryan Garbutt.
15:05 of 1st period - Stopped by Frederik Andersen without a rebound.
15:06 of 1st period - Leo Komarov wins face-off versus Riley Sheahan in Hurricanes zone.
15:18 of 1st period - Shot by Jean-Gabriel Pageau.
15:18 of 1st period - Deflect By Riley Sheahan.
15:18 of 1st period - Stopped by Frederik Andersen with a rebound.
15:20 of 1st period - Shot by Damon Severson.
15:20 of 1st period - Shot Blocked by Leo Komarov.
15:28 of 1st period - Shot by Andre Burakovsky.
15:28 of 1st period - Shot Misses the Net.
16:33 of 1st period - Shot by Casey Cizikas.
16:33 of 1st period - Stopped by Frederik Andersen without a rebound.
16:34 of 1st period - Jean-Gabriel Pageau wins face-off versus Bryan Little in Hurricanes zone.
16:39 of 1st period - Shot by Ryan White.
16:39 of 1st period - Shot Misses the Net.
16:41 of 1st period - Shot by Ryan Ellis.
16:41 of 1st period - Goal by Ryan Ellis - Hurricanes : 1 - Flyers : 4.
16:41 of 1st period - Matt Murray enters game.
16:42 of 1st period - Casey Cizikas wins face-off versus Bryan Little in neutral zone.
16:52 of 1st period - Minor Penalty to Brian Strait for Hooking.
16:53 of 1st period - Jean-Gabriel Pageau wins face-off versus Brad Richardson in Hurricanes zone.
16:54 of 1st period - Shot by Ryan Ellis.
16:54 of 1st period - Stopped by Matt Murray without a rebound.
16:55 of 1st period - Brad Richardson wins face-off versus Jean-Gabriel Pageau in Hurricanes zone.
17:58 of 1st period - Shot by Ryan Garbutt.
17:58 of 1st period - Stopped by Matt Murray without a rebound.
17:59 of 1st period - Calle Jarnkrok wins face-off versus Leo Komarov in Hurricanes zone.
18:04 of 1st period - Shot by Calle Jarnkrok.
18:04 of 1st period - Deflect By Patrick Maroon.
18:04 of 1st period - Shot Misses the Net.
18:06 of 1st period - Shot by Jonathan Ericsson.
18:06 of 1st period - Shot Misses the Net.
18:08 of 1st period - Shot by Andrew MacDonald.
18:08 of 1st period - Stopped by Matt Murray without a rebound.
18:09 of 1st period - Brad Richardson wins face-off versus Calle Jarnkrok in Hurricanes zone.
18:38 of 1st period - Shot by Ryan Ellis.
18:38 of 1st period - Shot Misses the Net.
18:59 of 1st period - Zach Parise is hit by Casey Cizikas and loses puck.
19:12 of 1st period - Shot by Nick Foligno.
19:12 of 1st period - Stopped by Devan Dubnyk with a rebound.
19:50 of 1st period - Brett Pesce is hit by Ryan White and loses puck.
Goals for this period are 1 for Hurricanes vs 4 for Flyers.
Shots for this period are 10 for Hurricanes vs 16 for Flyers.

2nd period


0:01 of 2nd period - Jean-Gabriel Pageau wins face-off versus Bryan Little in neutral zone.
1:05 of 2nd period - Shot by Calle Jarnkrok.
1:05 of 2nd period - Stopped by Matt Murray with a rebound.
1:09 of 2nd period - Shot by Calle Jarnkrok.
1:09 of 2nd period - Stopped by Matt Murray with a rebound.
1:15 of 2nd period - Shot by Patrick Maroon.
1:15 of 2nd period - Shot Misses the Net.
1:17 of 2nd period - Shot by Jonathan Ericsson.
1:17 of 2nd period - Shot Misses the Net.
1:19 of 2nd period - Shot by Calle Jarnkrok.
1:19 of 2nd period - Shot Blocked by Leo Komarov.
1:21 of 2nd period - Shot by Ryan Garbutt.
1:21 of 2nd period - Shot Blocked by Jon Merrill.
1:23 of 2nd period - Shot by Calle Jarnkrok.
1:23 of 2nd period - Stopped by Matt Murray without a rebound.
1:24 of 2nd period - Brad Richardson wins face-off versus Casey Cizikas in Hurricanes zone.
1:39 of 2nd period - Casey Cizikas is hit by Brad Richardson and loses puck.
2:00 of 2nd period - Shot by Lee Stempniak.
2:00 of 2nd period - Shot Misses the Net.
2:12 of 2nd period - Bryan Little is hit by Casey Cizikas and loses puck.
2:58 of 2nd period - Shot by Patrick Maroon.
2:58 of 2nd period - Shot Misses the Net.
3:00 of 2nd period - Shot by Brooks Orpik.
3:00 of 2nd period - Stopped by Matt Murray without a rebound.
3:01 of 2nd period - Leo Komarov wins face-off versus Jean-Gabriel Pageau in Hurricanes zone.
3:08 of 2nd period - Icing by Jonathan Ericsson.
3:09 of 2nd period - Jean-Gabriel Pageau wins face-off versus Leo Komarov in Flyers zone.
3:20 of 2nd period - Shot by Ryan White.
3:20 of 2nd period - Stopped by Matt Murray without a rebound.
3:21 of 2nd period - Jean-Gabriel Pageau wins face-off versus Derek Ryan in Hurricanes zone.
3:49 of 2nd period - Brooks Orpik is hit by Marcus Foligno and loses puck.
3:54 of 2nd period - Shot by Derek Ryan.
3:54 of 2nd period - Shot Blocked by Ryan Ellis.
3:56 of 2nd period - Shot by Lee Stempniak.
3:56 of 2nd period - Stopped by Devan Dubnyk without a rebound.
3:57 of 2nd period - Bryan Little wins face-off versus Patrick Maroon in Flyers zone.
4:00 of 2nd period - Shot by Zach Parise.
4:00 of 2nd period - Shot Blocked by Ryan Garbutt.
4:02 of 2nd period - Shot by Patrick Wiercioch.
4:02 of 2nd period - Shot Blocked by Jonathan Ericsson.
4:18 of 2nd period - Shot by Bryan Little.
4:18 of 2nd period - Stopped by Devan Dubnyk with a rebound.
4:30 of 2nd period - Nick Foligno is hit by Ryan Garbutt and loses puck.
5:16 of 2nd period - Shot by Carl Hagelin.
5:16 of 2nd period - Shot Misses the Net.
6:03 of 2nd period - Lee Stempniak is hit by Brooks Orpik and loses puck.
6:06 of 2nd period - Shot by Brad Richardson.
6:06 of 2nd period - Stopped by Devan Dubnyk without a rebound.
6:07 of 2nd period - Bryan Little wins face-off versus Calle Jarnkrok in Flyers zone.
6:08 of 2nd period - Shot by Nick Foligno.
6:08 of 2nd period - Stopped by Devan Dubnyk without a rebound.
6:09 of 2nd period - Calle Jarnkrok wins face-off versus Bryan Little in Flyers zone.
6:18 of 2nd period - Jonathan Ericsson is hit by Nick Foligno and loses puck.
7:03 of 2nd period - Icing by Jonathan Ericsson.
7:04 of 2nd period - Calle Jarnkrok wins face-off versus Marcus Foligno in Flyers zone.
7:20 of 2nd period - Lee Stempniak is hit by Brooks Orpik and loses puck.
7:39 of 2nd period - Shot by Lee Stempniak.
7:39 of 2nd period - Stopped by Devan Dubnyk without a rebound.
7:40 of 2nd period - Jean-Gabriel Pageau wins face-off versus Leo Komarov in Flyers zone.
7:44 of 2nd period - Off-side.
7:45 of 2nd period - Bryan Little wins face-off versus Jean-Gabriel Pageau in neutral zone.
8:04 of 2nd period - Icing by Brian Dumoulin.
8:05 of 2nd period - Casey Cizikas wins face-off versus Bryan Little in Hurricanes zone.
8:08 of 2nd period - Shot by Alexander Killorn.
8:08 of 2nd period - Shot Blocked by Brian Dumoulin.
8:19 of 2nd period - Minor Penalty to Brooks Orpik for Holding.
8:20 of 2nd period - Derek Ryan wins face-off versus Marcus Johansson in Flyers zone.
8:29 of 2nd period - Shot by Nick Foligno.
8:29 of 2nd period - Shot Misses the Net.
8:31 of 2nd period - Shot by Dustin Byfuglien.
8:31 of 2nd period - Shot Misses the Net.
8:33 of 2nd period - Shot by Brett Pesce.
8:33 of 2nd period - Stopped by Devan Dubnyk without a rebound.
8:34 of 2nd period - Bryan Little wins face-off versus Jean-Gabriel Pageau in Flyers zone.
8:34 of 2nd period - Minor Penalty to Jonathan Ericsson for Hooking.
8:34 of 2nd period - Minor Penalty to Lee Stempniak for Tripping.
8:35 of 2nd period - Derek Ryan wins face-off versus Jean-Gabriel Pageau in Flyers zone.
9:08 of 2nd period - Shot by Derek Ryan.
9:08 of 2nd period - Deflect By Zach Parise.
9:08 of 2nd period - Shot Blocked by Andrew MacDonald.
9:52 of 2nd period - Shot by Brian Dumoulin.
9:52 of 2nd period - Shot Misses the Net.
10:26 of 2nd period - Shot by Marcus Johansson.
10:26 of 2nd period - Shot Blocked by Jon Merrill.
10:40 of 2nd period - Shot by Calle Jarnkrok.
10:40 of 2nd period - Shot Misses the Net.
10:56 of 2nd period - Shot by Carl Hagelin.
10:56 of 2nd period - Shot Misses the Net.
10:59 of 2nd period - Carl Hagelin is hit by Jonathan Ericsson and loses puck.
11:05 of 2nd period - Shot by Brian Strait.
11:05 of 2nd period - Shot Misses the Net.
11:07 of 2nd period - Shot by Leo Komarov.
11:07 of 2nd period - Shot Blocked by Calle Jarnkrok.
11:09 of 2nd period - Shot by Brett Pesce.
11:09 of 2nd period - Stopped by Devan Dubnyk with a rebound.
11:42 of 2nd period - Lee Stempniak is hit by Brooks Orpik and loses puck.
13:28 of 2nd period - Shot by Kyle Brodziak.
13:28 of 2nd period - Goal by Kyle Brodziak - Hurricanes : 1 - Flyers : 5.
13:29 of 2nd period - Marcus Foligno wins face-off versus Calle Jarnkrok in neutral zone.
13:45 of 2nd period - Derek Ryan is hit by Ryan Ellis and loses puck.
13:50 of 2nd period - Shot by Lee Stempniak.
13:50 of 2nd period - Stopped by Devan Dubnyk without a rebound.
13:51 of 2nd period - Bryan Little wins face-off versus Riley Sheahan in Flyers zone.
13:58 of 2nd period - Shot by Nick Foligno.
13:58 of 2nd period - Shot Misses the Net.
14:04 of 2nd period - Shot by Nick Foligno.
14:04 of 2nd period - Stopped by Devan Dubnyk without a rebound.
14:05 of 2nd period - Jean-Gabriel Pageau wins face-off versus Leo Komarov in Flyers zone.
14:10 of 2nd period - Shot by Ryan White.
14:10 of 2nd period - Shot Misses the Net.
14:12 of 2nd period - Shot by Andrew MacDonald.
14:12 of 2nd period - Deflect By Marcus Johansson.
14:12 of 2nd period - Shot Misses the Net.
14:24 of 2nd period - Shot by Ryan White.
14:24 of 2nd period - Stopped by Matt Murray without a rebound.
14:25 of 2nd period - Bryan Little wins face-off versus Alexander Killorn in Hurricanes zone.
14:36 of 2nd period - Ryan Ellis is hit by Nick Foligno and loses puck.
14:43 of 2nd period - Shot by Casey Cizikas.
14:43 of 2nd period - Stopped by Matt Murray without a rebound.
14:44 of 2nd period - Calle Jarnkrok wins face-off versus Brad Richardson in Hurricanes zone.
14:44 of 2nd period - Calle Jarnkrok is hit by Patrick Wiercioch.
15:13 of 2nd period - Off-side.
15:14 of 2nd period - Jean-Gabriel Pageau wins face-off versus Nick Foligno in neutral zone.
15:34 of 2nd period - Marcus Johansson is hit by Brian Dumoulin.
15:50 of 2nd period - Shot by Jean-Gabriel Pageau.
15:50 of 2nd period - Stopped by Matt Murray without a rebound.
15:51 of 2nd period - Leo Komarov wins face-off versus Casey Cizikas in Hurricanes zone.
16:22 of 2nd period - Shot by Carl Hagelin.
16:22 of 2nd period - Shot Misses the Net.
16:29 of 2nd period - Casey Cizikas is hit by Dustin Byfuglien and loses puck.
17:00 of 2nd period - Shot by Patrick Maroon.
17:00 of 2nd period - Shot Misses the Net.
17:02 of 2nd period - Shot by Ben Hutton.
17:02 of 2nd period - Stopped by Matt Murray without a rebound.
17:03 of 2nd period - Jean-Gabriel Pageau wins face-off versus Bryan Little in Hurricanes zone.
17:30 of 2nd period - Shot by Marcus Johansson.
17:30 of 2nd period - Stopped by Matt Murray without a rebound.
17:31 of 2nd period - Calle Jarnkrok wins face-off versus Brad Richardson in Hurricanes zone.
17:51 of 2nd period - Minor Penalty to Damon Severson for Slashing.
17:52 of 2nd period - Jean-Gabriel Pageau wins face-off versus Bryan Little in Flyers zone.
19:05 of 2nd period - Icing by Nick Foligno.
19:06 of 2nd period - Derek Ryan wins face-off versus Marcus Johansson in Hurricanes zone.
19:28 of 2nd period - Icing by Brett Pesce.
19:29 of 2nd period - Jean-Gabriel Pageau wins face-off versus Bryan Little in Hurricanes zone.
19:43 of 2nd period - Shot by Dustin Byfuglien.
19:43 of 2nd period - Shot Misses the Net.
19:49 of 2nd period - Shot by Bryan Little.
19:49 of 2nd period - Shot Misses the Net.
Goals for this period are 0 for Hurricanes vs 1 for Flyers.
Shots for this period are 9 for Hurricanes vs 11 for Flyers.

3rd period


0:01 of 3rd period - Jean-Gabriel Pageau wins face-off versus Zach Parise in neutral zone.
0:12 of 3rd period - Shot by Zach Parise.
0:12 of 3rd period - Stopped by Devan Dubnyk without a rebound.
0:13 of 3rd period - Calle Jarnkrok wins face-off versus Leo Komarov in Flyers zone.
0:38 of 3rd period - Shot by Alex Chiasson.
0:38 of 3rd period - Shot Hit the Post.
0:40 of 3rd period - Shot by Jon Merrill.
0:40 of 3rd period - Shot Misses the Net.
0:49 of 3rd period - Minor Penalty to Jonathan Ericsson for Tripping.
0:50 of 3rd period - Jean-Gabriel Pageau wins face-off versus Bryan Little in Flyers zone.
1:07 of 3rd period - Shot by Dustin Byfuglien.
1:07 of 3rd period - Stopped by Devan Dubnyk without a rebound.
1:08 of 3rd period - Derek Ryan wins face-off versus Jean-Gabriel Pageau in Flyers zone.
1:11 of 3rd period - Shot by Brett Pesce.
1:11 of 3rd period - Stopped by Devan Dubnyk without a rebound.
1:12 of 3rd period - Bryan Little wins face-off versus Jean-Gabriel Pageau in Flyers zone.
1:37 of 3rd period - Shot by Dustin Byfuglien.
1:37 of 3rd period - Stopped by Devan Dubnyk without a rebound.
1:38 of 3rd period - Jean-Gabriel Pageau wins face-off versus Derek Ryan in Flyers zone.
1:49 of 3rd period - Shot by Keith Yandle.
1:49 of 3rd period - Shot Misses the Net.
1:51 of 3rd period - Shot by Nick Foligno.
1:51 of 3rd period - Goal by Nick Foligno - Hurricanes : 2 - Flyers : 5.
1:52 of 3rd period - Riley Sheahan wins face-off versus Lee Stempniak in neutral zone.
2:12 of 3rd period - Shot by Brad Richardson.
2:12 of 3rd period - Stopped by Devan Dubnyk without a rebound.
2:13 of 3rd period - Bryan Little wins face-off versus Jean-Gabriel Pageau in Flyers zone.
2:14 of 3rd period - Shot by Nick Foligno.
2:14 of 3rd period - Shot Misses the Net.
2:40 of 3rd period - Shot by Bryan Little.
2:40 of 3rd period - Shot Misses the Net.
3:02 of 3rd period - Shot by Dustin Byfuglien.
3:02 of 3rd period - Shot Misses the Net.
3:04 of 3rd period - Shot by Keith Yandle.
3:04 of 3rd period - Stopped by Devan Dubnyk without a rebound.
3:05 of 3rd period - Brad Richardson wins face-off versus Calle Jarnkrok in Flyers zone.
3:06 of 3rd period - Shot by Tom Pyatt.
3:06 of 3rd period - Shot Misses the Net.
3:31 of 3rd period - Icing by Andrew MacDonald.
3:32 of 3rd period - Leo Komarov wins face-off versus Calle Jarnkrok in Flyers zone.
4:21 of 3rd period - Damon Severson is hit by Leo Komarov.
4:26 of 3rd period - Icing by Dustin Byfuglien.
4:27 of 3rd period - Jean-Gabriel Pageau wins face-off versus Leo Komarov in Hurricanes zone.
5:03 of 3rd period - Shot by Jean-Gabriel Pageau.
5:03 of 3rd period - Stopped by Matt Murray without a rebound.
5:04 of 3rd period - Bryan Little wins face-off versus Calle Jarnkrok in Hurricanes zone.
5:04 of 3rd period - Bryan Little is hit by Ryan Garbutt.
5:09 of 3rd period - Zach Parise is hit by Jonathan Ericsson and loses puck.
5:17 of 3rd period - Off-side.
5:18 of 3rd period - Derek Ryan wins face-off versus Casey Cizikas in neutral zone.
5:21 of 3rd period - Alexander Killorn is hit by Lee Stempniak and loses puck.
5:43 of 3rd period - Shot by Casey Cizikas.
5:43 of 3rd period - Deflect By Alexander Killorn.
5:43 of 3rd period - Stopped by Matt Murray with a rebound.
6:26 of 3rd period - Shot by Ryan Garbutt.
6:26 of 3rd period - Shot Blocked by Brian Dumoulin.
6:33 of 3rd period - Minor Penalty to Patrick Maroon for Tripping.
6:34 of 3rd period - Bryan Little wins face-off versus Jean-Gabriel Pageau in Flyers zone.
6:45 of 3rd period - Shot by Bryan Little.
6:45 of 3rd period - Deflect By Zach Parise.
6:45 of 3rd period - Stopped by Devan Dubnyk with a rebound.
6:47 of 3rd period - Shot by Brett Pesce.
6:47 of 3rd period - Shot Blocked by Andrew MacDonald.
7:53 of 3rd period - Shot by Keith Yandle.
7:53 of 3rd period - Shot Blocked by Andrew MacDonald.
8:15 of 3rd period - Shot by Brad Richardson.
8:15 of 3rd period - Shot Misses the Net.
8:17 of 3rd period - Shot by Dustin Byfuglien.
8:17 of 3rd period - Shot Misses the Net.
8:19 of 3rd period - Shot by Dustin Byfuglien.
8:19 of 3rd period - Stopped by Devan Dubnyk with a rebound.
8:30 of 3rd period - Icing by Dustin Byfuglien.
8:31 of 3rd period - Alexander Killorn wins face-off versus Alex Chiasson in Hurricanes zone.
9:55 of 3rd period - Shot by Riley Sheahan.
9:55 of 3rd period - Stopped by Matt Murray without a rebound.
9:56 of 3rd period - Bryan Little wins face-off versus Jean-Gabriel Pageau in Hurricanes zone.
9:56 of 3rd period - Bryan Little is hit by Ryan White.
10:23 of 3rd period - Shot by Nick Foligno.
10:23 of 3rd period - Deflect By Bryan Little.
10:23 of 3rd period - Shot Misses the Net.
10:46 of 3rd period - Nick Foligno is hit by Brooks Orpik and loses puck.
10:59 of 3rd period - Shot by Derek Ryan.
10:59 of 3rd period - Stopped by Devan Dubnyk without a rebound.
11:00 of 3rd period - Casey Cizikas wins face-off versus Brad Richardson in Flyers zone.
11:00 of 3rd period - Casey Cizikas is hit by Lee Stempniak.
11:18 of 3rd period - Brett Pesce is hit by Jonathan Ericsson and loses puck.
11:41 of 3rd period - Tom Pyatt is hit by Alexander Killorn.
12:39 of 3rd period - Icing by Brooks Orpik.
12:40 of 3rd period - Kyle Brodziak wins face-off versus Bryan Little in Flyers zone.
13:09 of 3rd period - Icing by Dustin Byfuglien.
13:10 of 3rd period - Casey Cizikas wins face-off versus Bryan Little in Hurricanes zone.
13:57 of 3rd period - Shot by Leo Komarov.
13:57 of 3rd period - Stopped by Devan Dubnyk with a rebound.
14:19 of 3rd period - Shot by Patrick Maroon.
14:19 of 3rd period - Stopped by Matt Murray without a rebound.
14:20 of 3rd period - Derek Ryan wins face-off versus Jean-Gabriel Pageau in Hurricanes zone.
14:22 of 3rd period - Icing by Marcus Foligno.
14:23 of 3rd period - Jean-Gabriel Pageau wins face-off versus Derek Ryan in Hurricanes zone.
14:48 of 3rd period - Marcus Foligno is hit by Ryan White and loses puck.
15:29 of 3rd period - Calle Jarnkrok is hit by Nick Foligno and loses puck.
15:39 of 3rd period - Shot by Bryan Little.
15:39 of 3rd period - Shot Misses the Net.
15:41 of 3rd period - Shot by Bryan Little.
15:41 of 3rd period - Stopped by Devan Dubnyk without a rebound.
15:42 of 3rd period - Leo Komarov wins face-off versus Riley Sheahan in Flyers zone.
16:10 of 3rd period - Shot by Carl Hagelin.
16:10 of 3rd period - Stopped by Devan Dubnyk without a rebound.
16:10 of 3rd period - Double Minor Penalty to Devan Dubnyk for Slashing.
16:11 of 3rd period - Casey Cizikas wins face-off versus Bryan Little in Flyers zone.
16:58 of 3rd period - Andrew MacDonald is hit by Dustin Byfuglien and loses puck.
17:18 of 3rd period - Icing by Brian Dumoulin.
17:19 of 3rd period - Nick Foligno wins face-off versus Casey Cizikas in Hurricanes zone.
18:01 of 3rd period - Shot by Dustin Byfuglien.
18:01 of 3rd period - Stopped by Devan Dubnyk with a rebound.
18:03 of 3rd period - Shot by Bryan Little.
18:03 of 3rd period - Shot Misses the Net.
18:14 of 3rd period - Icing by Dustin Byfuglien.
18:15 of 3rd period - Jean-Gabriel Pageau wins face-off versus Alex Chiasson in Hurricanes zone.
18:22 of 3rd period - Shot by Marcus Johansson.
18:22 of 3rd period - Stopped by Matt Murray without a rebound.
18:23 of 3rd period - Jean-Gabriel Pageau wins face-off versus Derek Ryan in Hurricanes zone.
18:26 of 3rd period - Shot by Marcus Johansson.
18:26 of 3rd period - Stopped by Matt Murray without a rebound.
18:27 of 3rd period - Jean-Gabriel Pageau wins face-off versus Derek Ryan in Hurricanes zone.
18:30 of 3rd period - Shot by Marcus Johansson.
18:30 of 3rd period - Shot Hit the Post.
18:47 of 3rd period - Shot by Nick Foligno.
18:47 of 3rd period - Stopped by Devan Dubnyk without a rebound.
18:48 of 3rd period - Bryan Little wins face-off versus Calle Jarnkrok in Flyers zone.
19:03 of 3rd period - Shot by Brett Pesce.
19:03 of 3rd period - Shot Misses the Net.
Goals for this period are 1 for Hurricanes vs 0 for Flyers.
Shots for this period are 15 for Hurricanes vs 6 for Flyers.